 Dungeon Crawl Stone Soup version 0.30-a0-715-gdb4ae3ece1 (webtiles) character file.

Game seed: 16800602036450518486

16034 mopl the Summoner (level 12, -7/87 (91) HPs)
             Began as a Barachi Summoner on Jan 23, 2023.
             Was a Believer of Sif Muna.
             Hit by a silver javelin thrown by a minotaur (11 damage)
             ... in a Gauntlet.
             The game lasted 00:28:21 (10928 turns).

mopl the Summoner (Barachi Summoner)               Turns: 10928, Time: 00:28:22

HP:   -7/87 (91)    AC: 15    Str:  9    XL:     12   Next: 33%
MP:   16/22         EV: 16    Int: 28    God:    Sif Muna [**....]
Gold: 244           SH: 11    Dex: 14    Spells: 12/25 levels left

rFire   . . .      SeeInvis .    a - +2 trident (venom)
rCold   . . .      Faith    .    y - +0 kite shield
rNeg    . . .      Spirit   .    W - +0 swamp dragon scales
rPois   +          Reflect  .    o - +0 helmet
rElec   .          Harm     .    M - +2 cloak of Mirth {Int+2}
rCorr   .          Rampage  .    j - +0 pair of gloves
Will    .....      NoTele   +    (no boots)
Stlth   +                        D - amulet of magic regeneration
HPRegen 0.34/turn                l - +6 ring of intelligence
MPRegen 0.58/turn                B - +5 ring of evasion

@: lightly drained, slow
A: amphibious, slowness 1, strong legs 1, +LOS
a: Hop, Renounce Religion, Channel Magic


You were in a Gauntlet.
You worshipped Sif Muna.
Sif Muna was pleased with you.
You visited 2 branches of the dungeon, and saw 12 of its levels.
You also visited: Ossuary, Bailey and Gauntlet.

You collected 783 gold pieces.
You spent 539 gold pieces at shops.

Inventory:

Hand Weapons
 a - a +2 trident of venom (weapon)
 b - a +3 trident of freezing
Missiles
 L - 8 boomerangs
 S - 3 curare-tipped darts
 U - 5 javelins
 V - 11 poisoned darts
Armour
 j - a +0 pair of gloves (worn)
 o - a +0 helmet (worn)
 r - a +1 cloak of poison resistance
 u - a +3 chain mail of fire resistance
 y - a +0 kite shield (worn)
 M - the +2 cloak of Mirth (worn) {Int+2}
   (You found it in a Gauntlet)

   Int:       It affects your intelligence (+2).
 W - +0 swamp dragon scales (worn)
Jewellery
 e - a ring of protection from fire
 l - a +6 ring of intelligence (left hand)
 A - a ring of ice
 B - a +5 ring of evasion (right hand)
 D - an amulet of magic regeneration (around neck)
 N - the ring "Nigodgh" {rPois rC+ Dex+4}
   (You found it in a Gauntlet)

   [ring of protection from cold]

   Dex:       It affects your dexterity (+4).
   rC:        It protects you from cold.
   rPois:     It protects you from poison.
 P - an amulet of faith {!P}
Wands
 i - a wand of mindburst (4)
 F - a wand of flame (41)
 T - a wand of polymorph (6)
 Y - a wand of quicksilver (1)
Scrolls
 d - 7 scrolls of magic mapping
 f - 3 scrolls of amnesia {unknown}
 g - a scroll of summoning {unknown}
 k - 2 scrolls of vulnerability
 p - 10 scrolls of teleportation
 q - 4 scrolls of immolation
 z - 3 scrolls of enchant armour {unknown}
 C - a scroll of silence {unknown}
 G - a scroll of blinking
 I - 2 scrolls of noise {unknown}
 K - 3 scrolls of poison
 O - 2 scrolls of fear
 Q - 2 scrolls of enchant weapon {unknown}
 R - 2 scrolls of fog {unknown}
Potions
 c - a potion of cancellation
 h - 4 potions of magic
 m - 4 potions of haste
 n - a potion of berserk rage {!q}
 s - a potion of ambrosia
 t - 5 potions of curing
 v - 3 potions of heal wounds
 w - 3 potions of might
 x - a potion of invisibility
 E - 2 potions of lignification {!q}
 H - 3 potions of flight
 J - 2 potions of mutation {!q}
 X - a potion of resistance


   Skills:
 + Level 7.6 Fighting
 + Level 7.9 Polearms
 + Level 7.7 Armour
 + Level 7.5 Dodging
 - Level 1.7 Stealth
 + Level 8.2 Shields
 - Level 7.0 Spellcasting
 - Level 2.0 Hexes
 + Level 12.3 Summonings
 - Level 3.0 Air Magic


You had 12 spell levels left.
You knew the following spells:

 Your Spells              Type           Power      Damage    Failure   Level
a - Summon Small Mammal   Summ           100%       N/A       1%          1
b - Call Imp              Summ           68%        N/A       1%          2
c - Call Canine Familiar  Summ           68%        N/A       1%          3
f - Summon Lightning Spi  Summ/Air       52%        N/A       14%         4
g - Summon Guardian Gole  Hex/Summ       50%        N/A       4%          3

Your spell library contained the following spells:

 Spells                   Type           Power      Damage    Failure   Level
 Poisonous Vapours        Pois/Air       36%        N/A       26%         2
 Apportation              Tloc           18%        N/A       32%         1
 Necrotise                Necr           36%        1d5       32%         1
 Cigotuvi's Dreadful Rot  Necr/Pois/Air  30%        N/A       32%         2
 Ensorcelled Hibernation  Hex/Ice        30%        N/A       32%         2
 Inner Flame              Hex/Fire       15%        N/A       54%         3
 Kindle Blastsparks       Fire/Tloc/Air  30%        2d12      54%         3
 Mephitic Cloud           Conj/Pois/Air  15%        N/A       54%         3
 Spider Form              Tmut/Pois      9%         N/A       67%         3
 Anguish                  Hex/Necr       7%         N/A       91%         4
 Fulminant Prism          Conj/Hex       7%         3d7       91%         4
 Flame Wave               Conj/Fire      9%         2d6       97%         4
 Iskenderun's Mystic Bla  Conj/Tloc      9%         2d4       97%         4
 Sticky Flame             Conj/Fire      9%         2d3       97%         4
 Lee's Rapid Deconstruct  Erth           4%         3d5*      100%        5


Dungeon Overview and Level Annotations

Branches:
Dungeon (11/15)            Temple (1/1) D:7            Lair (0/5) D:11
Ossuary (visited)          Bailey (visited)         Gauntlet (1/1)
    Orc: D:9-12

Altars:
Ashenzari
Cheibriados
Dithmenos
Elyvilon
Fedhas
Gozag
Hepliaklqana
Kikubaaqudgha
Makhleb
Nemelex Xobeh
Okawaru
Qazlal
Ru
Sif Muna
Trog
Uskayaw
Vehumet
Wu Jian
Xom
Yredelemnul
The Shining One

Shops:
D:3 (   D:5 [?

Annotations:
Gauntlet 16 runed translucent doors, 6 transporters


Innate Abilities, Weirdness & Mutations

You are amphibious.
You cover ground slowly.
You can hop short distances.
You have an extended range of vision and can be seen from far away.


Message History

Your guardian golem is engulfed in blazing flames.
Your guardian golem disappears in a puff of smoke!
Your guardian golem explodes!
The fiery explosion engulfs the minotaur!!
The fiery explosion engulfs you!
The fiery explosion engulfs your white imp!!!
Your white imp is burned terribly!
Your white imp dies!
Your white imp disappears in a puff of smoke!
Unknown command.
The minotaur is engulfed in blazing flames.
Unknown command.
Casting: Call Imp (safe; 1% risk of failure)
Confirm with . or Enter, or press ? or * to list all spells.
A guardian golem appears, shielding your allies.
Reach: a) +2 trident (venom)
Press: ? - help, Dir - move target, f/p - minotaur
Aim: a minotaur, wielding a +1 spectral quarterstaff, wearing a +0 chain mail and quivering silver javelins (heavily wounded, ally target, about 24% to evade your +2 trident of venom)
You reach to attack!
You hit the minotaur but do no damage.
The minotaur is poisoned.
The minotaur is heavily wounded.
Your lightning spire disappears in a puff of smoke!
The minotaur throws a silver javelin.
The silver javelin pierces through you!
Unknown command.
Reach: a) +2 trident (venom)
Press: ? - help, Dir - move target, f/p - minotaur
Aim: a minotaur, wielding a +1 spectral quarterstaff, wearing a +0 chain mail and quivering silver javelins (heavily wounded, very poisoned, ally target, about 24% to evade your +2 trident of venom)
You reach to attack!
You closely miss the minotaur.
The minotaur is heavily wounded.
Unknown command.
Reach: a) +2 trident (venom)
Press: ? - help, Dir - move target, f/p - minotaur
Aim: a minotaur, wielding a +1 spectral quarterstaff, wearing a +0 chain mail and quivering silver javelins (heavily wounded, very poisoned, ally target, about 24% to evade your +2 trident of venom)
You reach to attack!
You puncture the minotaur!
The minotaur looks as sick as possible!
The minotaur is severely wounded.
The minotaur throws a silver javelin.
The silver javelin pierces through you!!
* * * LOW HITPOINT WARNING * * *
You die...

#####..#.##.
#≈8≈#..#.#..
#######...#..#©...
#....##.8.#..#.#..
#.##.##...#..#)##.
#.##....8.#..#..##
###.##.##...#..#.... #≈
#.#9...##...#..#####
#≈≈.#§#@##.##.©.#≈......
#≈∩.§H§h##......#∩......
#≈≈.#§#.##.##.©.#≈......
#≈ #.#....##...#..#####
###.##.##...#..#..^.
#.##....8.#..#..##
#.##.##...#..#)#..
#....##.8.#..#.#..
#######...#..#©.##


You could see a minotaur (extremely poisoned, ally target), a friendly guardian
golem (summoned) and a friendly warg (summoned, sheltered).

Vanquished Creatures
  A boulder beetle (D:11)
  An apocalypse crab (Gauntlet)
  A troll (D:11)
  A hornet (D:9)
  Prince Ribbit (D:8)
  3 wyverns
  A human (Bailey)
  A steam dragon (D:9)
  5 yaks
  An orc warrior (D:9)
  A sky beast (D:9)
  3 centaurs
  A kobold brigand (D:8)
  A scorpion (D:6)
  3 bullfrogs
  14 killer bees
  A human zombie (D:5)
  A gnoll bouda (D:6)
  A human skeleton (D:5)
  2 orc priests (D:7)
  2 iguanas
  4 orc wizards
  A mummy (Ossuary)
  7 gnolls
  5 adders
  2 ufetubi
  5 dart slugs
  11 orcs
  3 bats (D:2)
  2 endoplasms (D:1)
  2 giant cockroaches (D:2)
  A gnoll zombie (Ossuary)
  10 goblins
  3 jackals (D:5)
  A quokka (D:1)
  8 ball pythons
  3 frilled lizards
  A goblin simulacrum (Ossuary)
  2 goblin zombies (Ossuary)
  4 hobgoblin zombies (Ossuary)
  6 kobolds
  2 kobold simulacra (Ossuary)
  2 kobold zombies (Ossuary)
  3 orc zombies (Ossuary)
  4 rats
  A spectral kobold (Ossuary)
  A spectral rat (Ossuary)
140 creatures vanquished.

Vanquished Creatures (collateral kills)
  2 vault guards (Bailey)
  A two-headed ogre (D:11)
  A death scarab (Gauntlet)
  An ugly thing (D:11)
  Maggie (D:9)
  Psyche (D:8)
  A troll (D:11)
  A hornet (D:9)
  A blink frog (Bailey)
  A spectral dream sheep (Gauntlet)
  2 shadows (D:11)
  A vampire (D:10)
  7 yaks
  3 humans (Bailey)
  A wraith (D:9)
  2 steam dragons (D:9)
  3 vampire mosquitoes (D:8)
  Edmund (D:4)
  A spectral cane toad (Gauntlet)
  Duvessa (D:5)
  A spectral torpor snail (Gauntlet)
  2 ice beasts
  3 black bears
  An orc warrior (Bailey)
  A centaur (D:9)
  A phantom (D:5)
  An elf zombie (D:5)
  A kobold brigand (D:8)
  4 bullfrogs (Bailey)
  2 elf skeletons (D:5)
  2 gnoll sergeants
  2 scorpions (D:5)
  3 wights (D:9)
  4 killer bees
  2 jellies
  Dowan (D:5)
  Crazy Yiuf (D:2)
  3 orc priests
  2 iguanas
  3 orc wizards
  A human skeleton (D:5)
  Robin (D:2)
  11 gnolls
  7 adders
  A white imp (D:5)
  2 worms
  15 orcs
  A spectral bat (Ossuary)
  An endoplasm (D:4)
  A giant cockroach (D:4)
  11 gnoll zombies (Ossuary)
  7 goblins
  3 hobgoblins
  A jackal (D:5)
  7 kobolds
  A ball python (D:2)
  2 bat simulacra (Ossuary)
  A frilled lizard (D:3)
  2 goblin simulacra (Ossuary)
  A goblin zombie (Ossuary)
  A hobgoblin zombie (Ossuary)
  A kobold simulacrum (Ossuary)
  3 kobold zombies (Ossuary)
  2 orc zombies (Ossuary)
  A rat (D:3)
  2 rat simulacra (Ossuary)
  2 spectral goblins (Ossuary)
  4 spectral kobolds (Ossuary)
  4 spectral rats (Ossuary)
170 creatures vanquished.

Vanquished Creatures (others)
  2 death scarabs (Gauntlet)
  3 yaks (D:9)
  2 sky beasts (D:9)
  8 demonic plants (Gauntlet)
15 creatures vanquished.

Grand Total: 325 creatures vanquished

Notes
Turn   | Place    | Note
-------+----------+-------------------------------------------
     0 | D:1      | mopl the Barachi Summoner began the quest for the Orb.
     0 | D:1      | Reached XP level 1. HP: 13/13 MP: 3/3
    53 | D:1      | Reached skill level 5 in Summonings
   179 | D:1      | Reached XP level 2. HP: 17/19 MP: 3/5
   768 | D:2      | Reached skill level 3 in Spellcasting
   768 | D:2      | Reached XP level 3. HP: 11/24 MP: 4/7
   825 | D:2      | Learned a level 2 spell: Call Imp
   829 | D:2      | Learned a level 3 spell: Call Canine Familiar
  1255 | D:2      | Reached XP level 4. HP: 18/30 MP: 5/9
  1348 | D:2      | Noticed Robin
  1359 | D:2      | Killed Robin
  1360 | D:2      | Reached skill level 6 in Summonings
  1434 | D:2      | Learned a level 3 spell: Summon Guardian Golem
  1476 | D:2      | Reached XP level 5. HP: 35/35 MP: 10/10
  1711 | D:2      | Found a runed translucent door.
  1712 | D:2      | Noticed Crazy Yiuf
  1919 | D:2      | Reached skill level 4 in Spellcasting
  2032 | D:2      | Killed Crazy Yiuf
  2033 | D:2      | Reached skill level 1 in Hexes
  2133 | D:3      | Found Duly's Weapon Emporium.
  2217 | D:3      | Found an iron altar of Okawaru.
  2218 | D:3      | Found a bloodstained altar of Trog.
  2900 | D:4      | Reached XP level 6. HP: 40/41 MP: 6/12
  3004 | D:4      | Noticed a black bear
  3011 | D:4      | Killed a black bear
  3012 | D:4      | Reached skill level 1 in Shields
  3012 | D:4      | Reached skill level 2 in Hexes
  3012 | D:4      | Reached skill level 7 in Summonings
  3026 | D:4      | Learned a level 4 spell: Summon Lightning Spire
  3083 | D:4      | Noticed Edmund
  3178 | D:4      | Killed Edmund
  3179 | D:4      | Reached skill level 2 in Shields
  3179 | D:4      | Reached skill level 1 in Air Magic
  3179 | D:4      | Reached XP level 7. HP: 46/46 MP: 0/14
  3506 | D:4      | Found an ornate altar of the Wu Jian Council.
  3539 | D:5      | Entered Level 5 of the Dungeon
  3599 | D:5      | Reached skill level 5 in Spellcasting
  3599 | D:5      | Reached skill level 2 in Air Magic
  3616 | D:5      | Found a sand-covered staircase.
  3623 | D:5      | Reached skill level 3 in Shields
  3643 | Ossuary  | Entered an ossuary
  4025 | D:5      | Noticed Duvessa
  4025 | D:5      | Noticed Dowan
  4053 | D:5      | Killed Duvessa
  4054 | D:5      | Reached skill level 1 in Polearms
  4054 | D:5      | Reached XP level 8. HP: 32/52 MP: 3/16
  4060 | D:5      | Killed Dowan
  4061 | D:5      | Reached skill level 8 in Summonings
  4061 | D:5      | Reached skill level 3 in Air Magic
  4482 | D:5      | Reached skill level 4 in Shields
  4512 | D:5      | Reached skill level 2 in Polearms
  4579 | D:5      | Reached skill level 6 in Spellcasting
  4588 | D:5      | Reached skill level 3 in Polearms
  4588 | D:5      | Found Tewodd's Magic Scroll Emporium.
  4597 | D:5      | Bought a scroll of blinking for 112 gold pieces
  4597 | D:5      | Bought a scroll of vulnerability for 60 gold pieces
  4597 | D:5      | Bought a scroll of poison for 60 gold pieces
  4597 | D:5      | Bought a scroll of identify for 30 gold pieces
  4598 | D:5      | Found Seotiwee's Antique Armour Shop.
  4815 | D:5      | Reached skill level 9 in Summonings
  5031 | D:5      | Reached XP level 9. HP: 56/57 MP: 15/18
  5108 | D:5      | Found a broken altar of Ashenzari.
  5148 | D:5      | Found a blossoming altar of Fedhas.
  5444 | D:6      | Reached skill level 4 in Polearms
  5786 | D:6      | Reached skill level 7 in Spellcasting
  6043 | D:7      | Reached skill level 1 in Fighting
  6043 | D:7      | Reached skill level 1 in Armour
  6131 | D:7      | You fall into a shaft and drop 2 floors!
  6135 | D:9      | Noticed Maggie
  6146 | D:9      | Noticed a hornet
  6155 | D:9      | Killed a hornet
  6176 | D:9      | Reached skill level 2 in Fighting
  6176 | D:9      | Reached skill level 2 in Armour
  6219 | D:8      | Noticed a torpor snail
  6219 | D:8      | Noticed a torpor snail
  6219 | D:8      | Noticed a torpor snail
  6219 | D:8      | Found a snail-covered altar of Cheibriados.
  6264 | D:8      | Reached skill level 3 in Dodging
  6446 | D:8      | Noticed Prince Ribbit
  6456 | D:8      | Reached skill level 5 in Polearms
  6456 | D:8      | Reached skill level 10 in Summonings
  6459 | D:8      | Killed Prince Ribbit
  6473 | D:8      | Noticed Psyche
  6490 | D:8      | Killed Psyche
  6491 | D:8      | Reached skill level 3 in Fighting
  6491 | D:8      | Reached skill level 3 in Armour
  6491 | D:8      | Reached skill level 5 in Shields
  6491 | D:8      | Reached XP level 10. HP: 35/70 MP: 5/20
  6521 | D:8      | Reached skill level 4 in Dodging
  6590 | D:8      | Found a flagged portal.
  6616 | Bailey   | Entered a bailey
  6781 | Bailey   | Reached skill level 4 in Armour
  6817 | Bailey   | Reached skill level 4 in Fighting
  6880 | Bailey   | Noticed a vault guard
  6902 | Bailey   | Killed a vault guard
  6903 | Bailey   | Reached skill level 6 in Polearms
  6945 | Bailey   | Noticed a vault guard
  6952 | Bailey   | Reached skill level 5 in Dodging
  6952 | Bailey   | Reached skill level 6 in Shields
  6955 | Bailey   | Killed a vault guard
  6956 | Bailey   | Reached skill level 5 in Fighting
  6956 | Bailey   | Reached skill level 5 in Armour
  6956 | Bailey   | Reached skill level 11 in Summonings
  7768 | D:7      | Found a staircase to the Ecumenical Temple.
  7782 | Temple   | Entered the Ecumenical Temple
  7812 | Temple   | Became a worshipper of Sif Muna the Loreminder
  7858 | D:7      | Reached XP level 11. HP: 55/79 MP: 18/21
  8082 | D:5      | Bought a scroll of immolation for 60 gold pieces
  8082 | D:5      | Bought a scroll of teleportation for 45 gold pieces
  8082 | D:5      | Bought a scroll of fear for 60 gold pieces
  8082 | D:5      | Bought a scroll of magic mapping for 112 gold pieces
  8579 | D:9      | Killed Maggie
  8694 | D:9      | Reached skill level 6 in Armour
  8704 | D:9      | Reached skill level 6 in Dodging
  8850 | D:9      | Reached * piety under Sif Muna
  8959 | D:9      | Reached skill level 6 in Fighting
  8961 | D:9      | Reached skill level 7 in Shields
  9023 | D:9      | Reached skill level 7 in Polearms
  9344 | D:10     | Entered Level 10 of the Dungeon
 10442 | D:11     | Reached ** piety under Sif Muna
 10442 | D:11     | Noticed a white ugly thing
 10449 | D:11     | Noticed a two-headed ogre
 10451 | D:11     | Killed a white ugly thing
 10452 | D:11     | Reached skill level 7 in Armour
 10458 | D:11     | Killed a two-headed ogre
 10459 | D:11     | Reached skill level 7 in Fighting
 10459 | D:11     | Reached skill level 7 in Dodging
 10459 | D:11     | Reached skill level 12 in Summonings
 10472 | D:11     | Reached XP level 12. HP: 83/91 MP: 11/22
 10498 | D:11     | Noticed a boulder beetle
 10505 | D:11     | Killed a boulder beetle
 10511 | D:11     | Found a gate leading to a gauntlet.
 10530 | Gauntlet | Entered a Gauntlet
 10530 | Gauntlet | Noticed a death scarab
 10530 | Gauntlet | Found a large runed translucent door.
 10530 | Gauntlet | Found a large runed translucent door.
 10530 | Gauntlet | Found a large runed translucent door.
 10530 | Gauntlet | Found a large runed translucent door.
 10530 | Gauntlet | Found a large runed translucent door.
 10530 | Gauntlet | Found a large runed translucent door.
 10530 | Gauntlet | Found a large runed translucent door.
 10530 | Gauntlet | Found a large runed translucent door.
 10530 | Gauntlet | Found a runed translucent door.
 10530 | Gauntlet | Found a runed translucent gate.
 10530 | Gauntlet | Found a transporter.
 10530 | Gauntlet | Found a transporter.
 10530 | Gauntlet | Found a runed translucent gate.
 10530 | Gauntlet | Found a transporter.
 10530 | Gauntlet | Found a runed translucent door.
 10530 | Gauntlet | Found a runed translucent gate.
 10546 | Gauntlet | Found a transporter.
 10550 | Gauntlet | Found a transporter.
 10560 | Gauntlet | Found a transporter.
 10560 | Gauntlet | Noticed a reaper
 10564 | Gauntlet | Found a transporter.
 10568 | Gauntlet | Noticed a hell beast
 10574 | Gauntlet | Found a transporter.
 10595 | Gauntlet | Found a transporter.
 10598 | Gauntlet | Noticed a death scarab
 10599 | Gauntlet | Noticed a death scarab
 10613 | Gauntlet | Found a transporter.
 10616 | Gauntlet | Found a transporter.
 10626 | Gauntlet | Found a transporter.
 10633 | Gauntlet | Found a large runed translucent door.
 10633 | Gauntlet | Found a large runed translucent door.
 10634 | Gauntlet | Found a large runed translucent door.
 10635 | Gauntlet | Found a large runed translucent door.
 10636 | Gauntlet | Found a large runed translucent door.
 10636 | Gauntlet | Found a large runed translucent door.
 10637 | Gauntlet | Found a large runed translucent door.
 10638 | Gauntlet | Found a large runed translucent door.
 10680 | Gauntlet | Killed a death scarab
 10681 | Gauntlet | Reached skill level 8 in Shields
 10714 | Gauntlet | Identified the +2 cloak of Mirth {Int+2}
 10748 | Gauntlet | Killed a death scarab
 10748 | Gauntlet | Killed a death scarab
 10763 | Gauntlet | Identified the ring "Nigodgh" {rPois rC+ Dex+4}
 10917 | Gauntlet | Noticed a minotaur
 10928 | Gauntlet | HP: 4/87 [minotaur/silver javelin (32)]
 10928 | Gauntlet | Hit by a silver javelin thrown by a minotaur

Illustrated notes

Levels and vault maps discovered:
D:1:      dpeg_arrival_simpleton_c, layout_basic, hex_tiny
D:2:      layout_basic, uniq_crazy_yiuf_cottage, uniq_robin
D:3:      layout_basic, grunt_temple_overflow_bloody_war, serial_shops,
          nicolae_shop_hallway_plus
D:4:      layout_cave_pools, pdpol_wu_jian_five_deadly_venoms,
          kennysheep_potato, uniq_edmund
D:5:      layout_loops_corners, mainiacjoe_overflow_two_lobes, serial_shops,
          shop, shop, nicolae_ossuary_entry_catacombs, serial_glass,
          glass_columns_a, glass_columns_a, st_stairs_3, uniq_duvessa
D:6:      layout_basic, minivault_22, minmay_liquid_box, minmay_between
D:7:      layout_loops_ring, minmay_temple_entry_offerings
D:8:      layout_loops_corners, cheibriados_altar_2, enter_bailey_7,
          uniq_psyche, uniq_prince_ribbit1
D:9:      layout_stronghold, serial_column_ruins, column_ruins_hut,
          column_ruins_hut_ruined, column_ruins_open_small, column_ruins_grid_1,
          column_ruins_columns_dead_end, column_ruins_open_small,
          column_ruins_columns_straight, column_ruins_open_tiny,
          hangedman_misty_isle, uniq_maggie
D:10:     layout_basic
D:11:     layout_cross, lair_entry_dummy, gauntlet_entry_generic,
          minmay_fire_ice_demons
Temple:   nicolae_temple_bog_church
Gauntlet: gammafunk_gauntlet_hard_choice
          [minmay_gauntlet_arena_make_your_own_arena,
          gammafunk_gauntlet_arena_spirals, gammafunk_gauntlet_arena_hedges,
          nicolae_gauntlet_arena_x, gammafunk_gauntlet_arena_split_diamond,
          nicolae_gauntlet_arena_quarters, gauntlet_exit_watery]

Skill      XL: |  1  2  3  4  5  6  7  8  9 10 11 12 |
---------------+-------------------------------------+-----
Summonings     | 5 6 7 9 10 11 12 | 12.3
Spellcasting   | 3 4 5 6 7 |  7.0
Hexes          | 1 2 |  2.0
Shields        | 2 3 4 5 6 7 8 |  8.2
Air Magic      | 1 2 3 |  3.0
Polearms       | 1 3 5 6 7 |  7.9
Fighting       | 3 5 7 |  7.6
Armour         | 3 5 7 |  7.7
Dodging        | 3 5 7 |  7.5
Stealth        | |  1.7

Action                     |  1- 3 |  4- 6 |  7- 9 | 10-12 || total
---------------------------+-------+-------+-------+-------++-------
  Melee: Hand axe          |    19 |       |       |       ||    19
         Spear             |     2 |   184 |   203 |       ||   389
         Punch             |       |     1 |     5 |       ||     6
         Trident           |       |       |    96 |   345 ||   441
   Fire: Sling             |    63 |       |       |       ||    63
   Cast: Summon Small Mamm |     4 |     5 |       |     2 ||    11
         Call Canine Famil |     4 |    13 |    26 |    32 ||    75
         Call Imp          |       |     6 |     3 |     3 ||    12
         Summon Lightning  |       |     1 |     4 |    13 ||    18
         Summon Guardian G |       |     1 |     3 |    11 ||    15
Ability: Hop               |     2 |     1 |     1 |       ||     4
    Use: Scroll            |       |     4 |     3 |     4 ||    11
   Stab: Sleeping          |     1 |     4 |    12 |       ||    17
         Distracted        |       |       |     1 |     6 ||     7
         Paralysed         |       |       |       |     2 ||     2
 Armour: Robe              |    10 |    40 |    37 |       ||    87
         Ring mail         |       |       |       |    20 ||    20
         Swamp dragon scal |       |       |       |    59 ||    59
         Steam dragon scal |       |       |       |     6 ||     6
  Dodge: Dodged            |    53 |    80 |   165 |   184 ||   482
  Block: Buckler           |       |       |     8 |    24 ||    32
         Kite shield       |       |       |       |    81 ||    81

Table legend: (Time is in decaauts)
 A = Elapsed time spent in this place.
 B = Non-inter-level travel time spent in this place.
 C = Inter-level travel time spent in this place.
 D = Time resting spent in this place.
 E = Time spent auto-exploring this place.
 F = Levels seen in this place.
 G = Mean time per level.
                   A        B        C        D        E       F      G
               +--------+--------+--------+--------+--------+-----+--------+
         Total |  12507 |  11908 |    599 |   1813 |   6503 |  15 |  833.8 |
       Dungeon |  11220 |  10642 |    578 |   1541 |   6382 |  11 | 1020.0 |
        Temple |     56 |     35 |     21 |      0 |     18 |   1 |   56.0 |
       Ossuary |    381 |    381 |      0 |      0 |    103 |   1 |  381.0 |
        Bailey |    411 |    411 |      0 |    137 |      0 |   1 |  411.0 |
      Gauntlet |    436 |    436 |      0 |    135 |      0 |   1 |  436.0 |
               +--------+--------+--------+--------+--------+-----+--------+

Top non-repeatable levels by time:
     D:5: 1721 daAuts
     D:2: 1480 daAuts
     D:9: 1407 daAuts
    D:10: 1239 daAuts
     D:8: 1103 daAuts
     D:1: 930 daAuts
     D:3: 845 daAuts
     D:6: 836 daAuts
     D:4: 813 daAuts
     D:7: 734 daAuts
Gauntlet: 436 daAuts
  Bailey: 411 daAuts
 Ossuary: 381 daAuts
    D:11: 108 daAuts
  Temple: 56 daAuts
